 Dungeon Crawl Stone Soup version 0.20.1-1-g8b1a95d (webtiles) character file.

101295 graki42 the Eclecticist (level 15, -6/78 HPs)
             Began as a Deep Elf Fire Elementalist on Dec 15, 2017.
             Was the Champion of Vehumet.
             Mangled by a mana viper (7 damage)
             ... on level 3 of the Snake Pit.
             The game lasted 02:34:13 (28284 turns).

graki42 the Eclecticist (DEFE)                     Turns: 28284, Time: 02:34:13

Health: -6/78      AC: 11    Str:  8    XL:     15   Next: 83%
Magic:  39/39      EV: 11    Int: 26    God:    Vehumet [******]
Gold:   556        SH:  7    Dex: 13    Spells: 18/51 levels left

rFire    . . .     SeeInvis +   I - staff of energy
rCold    . . .     Gourm    .   b - +2 buckler
rNeg     . . .     Faith    .   r - +3 leather armour {rPois}
rPois    +         Spirit   .   h - +2 helmet
rElec    .         Reflect  .   (no cloak)
rCorr    .         Harm     .   (no gloves)
MR       ++...                  z - +1 pair of boots
Stlth    +++.......             E - amulet of magic regeneration
Regen    0.3/turn               m - ring of wizardry
MPRegen  0.4/turn               x - ring of see invisible

@: lethally poisoned (-6 -> -9), constricted
A: hooves 1, clever 1, clumsy 1, magic resistance 1
a: Renounce Religion


You were on level 3 of the Snake Pit.
You worshipped Vehumet.
Vehumet was exalted by your worship.
You were not hungry.

You visited 5 branches of the dungeon, and saw 23 of its levels.
You also visited: Ossuary.

You collected 2211 gold pieces.
You spent 1655 gold pieces at shops.

Inventory:

Armour
 b - a +2 buckler (worn)
 h - a +2 helmet (worn)
 n - a +2 robe of resistance
 p - a +1 robe of magic resistance
 r - a +3 leather armour of poison resistance (worn)
 z - a +1 pair of boots (worn)
Magical Staves
 I - an uncursed staff of energy (weapon)
Jewellery
 m - a ring of wizardry (left hand)
 x - a ring of see invisible (right hand)
 E - an amulet of magic regeneration (around neck)
 F - an uncursed amulet of the gourmand
 L - an uncursed ring of ice {unknown}
Wands
 d - a wand of flame (24/48)
 v - a wand of random effects (29/48)
 H - a wand of acid (5/15)
 K - a wand of disintegration (14/24)
Scrolls
 a - 2 scrolls of fear
 e - 3 scrolls of blinking
 g - 8 scrolls of identify
 i - 3 scrolls of magic mapping
 q - 4 scrolls of remove curse
 u - a scroll of enchant weapon
 w - 8 scrolls of teleportation
 A - 8 scrolls of immolation
 B - 2 scrolls of amnesia
 J - a scroll of holy word
Potions
 j - 5 potions of mutation
 l - 3 potions of brilliance
 o - 2 potions of heal wounds
 s - 6 potions of curing
 C - 3 potions of flight
 D - 2 potions of ambrosia
 G - a potion of invisibility
Miscellaneous
 y - a phantom mirror
Comestibles
 c - 10 bread rations
 f - 9 meat rations
 k - 9 royal jellies
 t - 4 fruits


   Skills:
 + Level 3.2 Fighting
 + Level 2.4 Staves
 + Level 4.0 Armour
 + Level 6.4 Dodging
 + Level 5.4 Stealth
 + Level 5.0 Shields
 + Level 0.1 Unarmed Combat
 + Level 18.6 Spellcasting
 + Level 14.0 Conjurations
 + Level 2.5 Hexes
 + Level 14.1 Fire Magic
 + Level 6.9 Ice Magic
 + Level 5.2 Air Magic
 + Level 7.1 Earth Magic
 + Level 6.2 Evocations


You had 18 spell levels left.
You knew the following spells:

 Your Spells              Type           Power        Failure   Level  Hunger
a - Flame Tongue          Conj/Fire      #####        0%          1    None
b - Conjure Flame         Conj/Fire      #######.     0%          3    None
c - Inner Flame           Hex/Fire       ######..     1%          3    None
d - Sticky Flame          Conj/Fire      #######.     1%          4    None
e - Fireball              Conj/Fire      #######...   1%          5    None
f - Bolt of Cold          Conj/Ice       ######....   1%          6    None
g - Freezing Cloud        Conj/Ice/Air   ######....   1%          6    None
h - Bolt of Magma         Conj/Fire/Erth ######....   1%          5    None


Dungeon Overview and Level Annotations

Branches:
Dungeon (11/15)            Temple (1/1) D:4            Lair (6/6) D:8
 Shoals (0/4) Lair:2        Snake (3/4) Lair:3        Slime (0/5) Lair:6
    Orc (2/2) D:11            Elf (0/3) Orc:2

Altars:
Ashenzari
Cheibriados
Dithmenos
Elyvilon
Fedhas
Gozag
Hepliaklqana
Kikubaaqudgha
Makhleb
Nemelex Xobeh
Okawaru
Qazlal
Sif Muna
Trog
Uskayaw
Vehumet
Xom
Yredelemnul
Zin
The Shining One
Beogh

Shops:
D:4 (   D:5 ?   D:6 ([   Orc:2 }%:((


Innate Abilities, Weirdness & Mutations

You have large cloven feet.
Your mind is acute. (Int +2)
You are clumsy. (Dex -2)
You are resistant to hostile enchantments. (MR+)


Message History

The naga mage barely misses you. The naga warrior hits you with a mace!
* * * LOW HITPOINT WARNING * * *
The naga warrior grabs you.
* * * LOW HITPOINT WARNING * * *
The naga warrior constricts you.
Unknown command.
The naga warrior's grasp on you weakens, but your attempt to escape fails.
You feel less invigorated.
You feel less confused.
You feel sick. You block the mana viper's attack.
The naga mage hits you with a club.
* * * LOW HITPOINT WARNING * * *
The guardian serpent casts a spell at you.
The bolt of poison hits the naga warrior.
The bolt of poison hits you! You resist.
* * * LOW HITPOINT WARNING * * *
The naga warrior misses you.
* * * LOW HITPOINT WARNING * * *
The naga warrior constricts you. The mana viper bites you!
You die...

### #. #..
#. #.#
####.###.##
..#
..........#
.S###
........<.#
##....N
.........[#
#......
......SN..#
#......
/...S.N@..#
#......
..N......$#
#..†...
..........#
#<.†...
..........#
#...(..
.........$#
#..N#..
..........#
.?##..#
###########
.## .## ..
. ## .


You could see a naga warrior, a mana viper, a guardian serpent, a naga mage and
a naga.

Vanquished Creatures
  2 nagarajas (Snake:2)
  Nessos (Lair:5)
  3 hydras
  8 naga warriors
  4 anacondas
  A catoblepas (Lair:2)
  Erica (D:8)
  3 naga sharpshooters (Snake:2)
  5 orc high priests
  3 sea snakes (Snake:2)
  6 naga ritualists
  11 mana vipers
  6 orc knights (Orc:2)
  A deep elf mage (D:10)
  8 orc sorcerers
  The ghost of Lanoc the Chopper, a novice OpCK of Xom (D:6)
  5 oklob plants
  5 salamanders
  A cyclops (Orc:1)
  4 elephants (Lair:5)
  A guardian serpent (Snake:1)
  8 naga magi
  31 black mambas
  A centaur skeleton (D:11)
  22 spiny frogs
  3 rime drakes
  8 komodo dragons
  3 trolls
  7 hippogriffs
  25 blink frogs
  4 tyrant leeches (Lair:6)
  A snapping turtle (Lair:2)
  A wyvern (D:11)
  Sigmund (D:3)
  A spriggan (D:10)
  Eustachio (D:5)
  34 yaks
  2 basilisks
  6 vampire mosquitoes (Lair:6)
  6 wargs
  Menkaure (D:6)
  24 nagas
  14 porcupines
  15 water moccasins
  28 orc warriors
  3 black bears
  A sky beast (D:10)
  2 phantoms
  6 ice beasts
  12 ogres
  4 centaurs
  2 necrophages
  12 wolves
  14 crocodiles
  Blork the orc (D:5)
  3 big kobolds
  35 bullfrogs
  A gnoll sergeant (D:8)
  A wyvern zombie (D:10)
  2 scorpions
  11 killer bees
  7 wights
  5 howler monkeys
  5 electric eels
  A bullfrog zombie (D:11)
  2 crimson imps
  A quasit (D:10)
  10 hounds
  Crazy Yiuf (D:5)
  4 gnoll shamans (D:6)
  23 orc priests
  3 jellies
  20 orc wizards
  2 bullfrog skeletons (D:8)
  5 iguanas
  6 worker ants
  A hound zombie (D:6)
  9 mummies
  3 worker ant zombies
  38 gnolls
  2 howler monkey skeletons
  13 adders
  2 shadow imps
  An ooze (D:1)
  2 dart slugs
  7 leopard geckos
  76 orcs
  7 giant cockroaches
  A gnoll zombie (Ossuary)
  9 goblins
  7 hobgoblins
  22 jackals
  3 quokkas
  A ball python (D:3)
  9 bats
  10 frilled lizards
  3 hobgoblin zombies (Ossuary)
  24 kobolds
  2 kobold zombies (Ossuary)
  2 leopard gecko skeletons
  2 orc zombies (Ossuary)
  A quokka skeleton (D:8)
  8 rats
  A bush (Lair:6)
  3 fungi
  3 plants
804 creatures vanquished.

Vanquished Creatures (others)
  11 fungi
  40 plants
51 creatures vanquished.

Grand Total: 855 creatures vanquished

Notes
Turn   | Place    | Note
-------+----------+-------------------------------------------
     0 | D:1      | graki42 the Deep Elf Fire Elementalist began the quest for the Orb.
     0 | D:1      | Reached XP level 1. HP: 10/10 MP: 6/6
   143 | D:1      | Reached XP level 2. HP: 13/15 MP: 0/8
   618 | D:1      | Reached XP level 3. HP: 19/19 MP: 6/10
  1064 | D:2      | Reached skill level 4 in Spellcasting
  1267 | D:2      | Found a shimmering altar of Xom.
  1268 | D:2      | Found a shimmering altar of Xom.
  1268 | D:2      | Found a shimmering altar of Xom.
  1306 | D:2      | Found a shimmering altar of Xom.
  1319 | D:2      | Reached XP level 4. HP: 24/24 MP: 10/12
  1649 | D:3      | Noticed Sigmund
  1679 | D:2      | Learned a level 3 spell: Conjure Flame
  1683 | D:2      | Learned a level 3 spell: Inner Flame
  2229 | D:3      | Killed Sigmund
  2229 | D:3      | Reached skill level 5 in Spellcasting
  2229 | D:3      | Reached XP level 5. HP: 28/28 MP: 5/15
  2229 | D:3      | Reached XP level 6. HP: 32/32 MP: 5/16
  2346 | D:3      | Reached skill level 5 in Fire Magic
  2623 | D:4      | Reached skill level 6 in Spellcasting
  2645 | D:4      | Found Voifior's Weapon Shop.
  2682 | D:4      | Found a bloodstained altar of Trog.
  2686 | D:4      | Found a hazy altar of Hepliaklqana.
  2762 | D:4      | Found a staircase to the Ecumenical Temple.
  2792 | Temple   | Entered the Ecumenical Temple
  2803 | Temple   | Became a worshipper of Vehumet
  2855 | D:4      | Reached skill level 1 in Hexes
  2855 | D:4      | Reached XP level 7. HP: 36/36 MP: 11/18
  2856 | D:4      | Found an iron altar of Okawaru.
  2892 | D:4      | Learned a level 4 spell: Sticky Flame
  2898 | D:4      | Learned a level 5 spell: Fireball
  3220 | D:4      | Reached skill level 7 in Spellcasting
  3431 | D:5      | Entered Level 5 of the Dungeon
  3522 | D:5      | Found a sand-covered staircase.
  3635 | Ossuary  | Entered an ossuary
  3764 | Ossuary  | Reached * piety under Vehumet
  3764 | Ossuary  | Offered knowledge of Sandblast by Vehumet.
  4101 | D:5      | Noticed Blork the orc
  4107 | D:5      | Killed Blork the orc
  4190 | D:5      | Noticed Eustachio
  4203 | D:5      | Killed Eustachio
  4203 | D:5      | Reached XP level 8. HP: 21/42 MP: 2/21
  4335 | D:5      | Reached skill level 1 in Fighting
  4335 | D:5      | Reached skill level 8 in Spellcasting
  4448 | D:5      | Reached skill level 1 in Armour
  4593 | D:5      | Found a runed door.
  4597 | D:5      | Noticed Crazy Yiuf
  4600 | D:5      | Killed Crazy Yiuf
  4765 | D:5      | Found Cithruoxt's Magic Scroll Shop.
  4768 | D:5      | Bought a scroll of fear for 35 gold pieces
  4768 | D:5      | Bought a scroll of blinking for 75 gold pieces
  4786 | D:6      | Noticed Menkaure
  4790 | D:6      | Killed Menkaure
  4810 | D:6      | Reached skill level 5 in Conjurations
  4811 | D:6      | Reached skill level 9 in Spellcasting
  4969 | D:6      | Found Plog's Armour Emporium.
  5056 | D:6      | Offered knowledge of Freeze by Vehumet.
  5082 | D:6      | Reached ** piety under Vehumet
  5095 | D:6      | Reached XP level 9. HP: 47/47 MP: 19/24
  5268 | D:6      | Reached skill level 1 in Staves
  5362 | D:6      | Offered knowledge of Throw Frost by Vehumet.
  5444 | D:6      | Noticed Lanoc's ghost (novice OpCK)
  5452 | D:6      | Killed Lanoc's ghost
  5452 | D:6      | Reached *** piety under Vehumet
  5452 | D:6      | Reached skill level 10 in Spellcasting
  5920 | D:6      | Found Seiguagyta's Antique Weapon Shoppe.
  5983 | D:6      | Offered knowledge of Olgreb's Toxic Radiance by Vehumet.
  6077 | D:6      | Found a basalt altar of Yredelemnul.
  6082 | D:6      | Found a glowing golden altar of the Shining One.
  6084 | D:6      | Noticed an angel
  6283 | D:6      | Found a glowing silver altar of Zin.
  6283 | D:6      | Found a snail-covered altar of Cheibriados.
  6288 | D:6      | Found a faded altar of an unknown god.
  6290 | D:6      | Found a faded altar of an unknown god.
  6292 | D:6      | Found a blossoming altar of Fedhas.
  6672 | D:7      | Found a shadowy altar of Dithmenos.
  6862 | D:7      | Reached skill level 11 in Spellcasting
  7300 | D:7      | Reached XP level 10. HP: 52/52 MP: 21/27
  7375 | D:8      | Gained mutation: You are agile. (Dex +2) [potion of mutation]
  7375 | D:8      | Gained mutation: You tend to lose your temper in combat. [potion of mutation]
  7375 | D:8      | Gained mutation: You passively map a small area around you. [potion of mutation]
  7376 | D:8      | Lost mutation: You tend to lose your temper in combat. [potion of mutation]
  7376 | D:8      | Lost mutation: You are agile. (Dex +2) [potion of mutation]
  7376 | D:8      | Lost mutation: You passively map a small area around you. [potion of mutation]
  7376 | D:8      | Gained mutation: Your muscles are strong. (Str +2) [potion of mutation]
  7376 | D:8      | Gained mutation: Your mind is acute. (Int +2) [potion of mutation]
  7377 | D:8      | Lost mutation: Your mind is acute. (Int +2) [potion of mutation]
  7377 | D:8      | Lost mutation: Your muscles are strong. (Str +2) [potion of mutation]
  7377 | D:8      | Gained mutation: You are resistant to hostile enchantments. (MR+) [potion of mutation]
  7377 | D:8      | Gained mutation: Your mind is acute. (Int +2) [potion of mutation]
  7377 | D:8      | Gained mutation: You are clumsy. (Dex -2) [potion of mutation]
  7377 | D:8      | Gained mutation: You have large cloven feet. [potion of mutation]
  7379 | D:8      | Reached XP level 11. HP: 56/56 MP: 24/28
  7599 | D:8      | Reached **** piety under Vehumet
  7621 | D:8      | Offered knowledge of Dazzling Spray by Vehumet.
  7724 | D:8      | Found a staircase to the Lair.
  7880 | D:8      | Noticed Erica
  7896 | D:8      | Killed Erica
  8372 | D:9      | Reached skill level 12 in Spellcasting
  8871 | D:9      | Reached ***** piety under Vehumet
  9070 | D:10     | Entered Level 10 of the Dungeon
  9070 | D:10     | Noticed a deep elf mage
  9122 | Lair:1   | Entered Level 1 of the Lair of Beasts
  9367 | Lair:1   | Offered knowledge of Bolt of Cold by Vehumet.
  9375 | Lair:1   | Learned a level 6 spell: Bolt of Cold
  9554 | Lair:1   | Noticed an oklob plant
  9554 | Lair:1   | Noticed an oklob plant
  9554 | Lair:1   | Noticed an oklob plant
  9652 | Lair:1   | Killed an oklob plant
  9652 | Lair:1   | Reached skill level 10 in Fire Magic
  9653 | Lair:1   | Killed an oklob plant
  9653 | Lair:1   | Killed an oklob plant
 10229 | Lair:2   | Reached skill level 5 in Stealth
 10229 | Lair:2   | Reached skill level 13 in Spellcasting
 10485 | Lair:2   | Noticed a catoblepas
 10485 | Lair:2   | Reached XP level 12. HP: 62/62 MP: 13/31
 10502 | Lair:2   | Killed a catoblepas
 10502 | Lair:2   | Reached skill level 5 in Dodging
 10715 | Lair:2   | Found a staircase to the Shoals.
 11719 | Lair:3   | Noticed an eight-headed hydra
 11722 | Lair:3   | Killed an eight-headed hydra
 12110 | Lair:3   | Reached skill level 14 in Spellcasting
 12268 | Lair:3   | Found a staircase to the Snake Pit.
 12742 | Lair:4   | Reached skill level 10 in Conjurations
 13169 | Lair:4   | Noticed a four-headed hydra
 13174 | Lair:4   | Killed a four-headed hydra
 13808 | Lair:5   | Noticed a seven-headed hydra
 13811 | Lair:5   | Killed a seven-headed hydra
 13887 | Lair:5   | Reached XP level 13. HP: 68/68 MP: 21/33
 14261 | Lair:5   | Noticed Nessos
 14263 | Lair:5   | Killed Nessos
 14263 | Lair:5   | Reached skill level 15 in Spellcasting
 14472 | Lair:5   | Offered knowledge of Freezing Cloud by Vehumet.
 14480 | Lair:5   | Learned a level 6 spell: Freezing Cloud
 14553 | Lair:5   | Reached skill level 1 in Ice Magic
 15522 | Lair:6   | Entered Level 6 of the Lair of Beasts
 16287 | Lair:6   | Reached skill level 16 in Spellcasting
 16318 | Lair:6   | Learned a level 5 spell: Bolt of Magma
 17059 | Lair:6   | Reached XP level 14. HP: 74/74 MP: 13/36
 17856 | Lair:6   | Found a staircase to the Slime Pits.
 18685 | D:10     | Reached ****** piety under Vehumet
 18689 | D:10     | Reached skill level 5 in Ice Magic
 18954 | D:10     | Offered knowledge of Lee's Rapid Deconstruction by Vehumet.
 19065 | D:10     | Reached skill level 1 in Air Magic
 19827 | D:11     | Found a staircase to the Orcish Mines.
 20096 | Orc:1    | Entered Level 1 of the Orcish Mines
 21029 | Orc:1    | Found a roughly hewn altar of Beogh.
 21084 | Orc:2    | Entered Level 2 of the Orcish Mines
 21116 | Orc:2    | Offered knowledge of Orb of Destruction by Vehumet.
 21146 | Orc:1    | Reached skill level 17 in Spellcasting
 21534 | Orc:2    | Found Gexoez's Book Shoppe.
 21543 | Orc:2    | Found a staircase to the Elven Halls.
 21685 | Orc:1    | Identified a scroll of acquirement
 21686 | Orc:1    | Got a fine ruby amulet
 21688 | Orc:1    | Identified the amulet "Ututhero" {Spirit +Inv rN+ MR- Int+7} (You acquired it on level 1 of the Orcish Mines)
 22341 | Orc:2    | Found a roughly hewn altar of Beogh.
 23100 | Orc:2    | Found Nirru's Antique Weapon Shop.
 23100 | Orc:2    | Found Kiofijo's Gadget Shop.
 23102 | Orc:2    | Found Doniol's Food Shoppe.
 23103 | Orc:2    | Found Syroikeo's Antique Weapon Shoppe.
 23176 | Orc:2    | Bought a Necronomicon for 1545 gold pieces
 23179 | Orc:2    | Offered knowledge of Spellforged Servitor by Vehumet.
 23614 | Snake:1  | Entered Level 1 of the Snake Pit
 24102 | Snake:1  | Reached skill level 5 in Air Magic
 24350 | Snake:1  | Reached XP level 15. HP: 78/78 MP: 26/38
 25383 | Snake:2  | Noticed a nagaraja
 25392 | Snake:2  | Killed a nagaraja
 25523 | Snake:2  | Reached skill level 18 in Spellcasting
 25580 | Snake:2  | Noticed a nagaraja
 25585 | Snake:2  | Killed a nagaraja
 25979 | Snake:2  | Reached skill level 5 in Shields
 28055 | Snake:3  | Noticed a nagaraja
 28284 | Snake:3  | HP: 2/78 [guardian serpent/bolt of poison (2)]
 28284 | Snake:3  | Mangled by a mana viper

Skill      XL: |  1  2  3  4  5  6  7  8  9 10 11 12 13 14 15 |
---------------+----------------------------------------------+-----
Stealth        | 3 4 5 |  5.4
Fire Magic     | 4 5 6 7 8 10 11 12 13 14 | 14.1
Spellcasting   | 4 5 6 7 9 11 13 14 16 17 18 | 18.6
Dodging        | 3 4 5 6 |  6.4
Conjurations   | 2 3 4 5 7 8 10 12 13 14 | 14.0
Hexes          | 1 2 |  2.5
Fighting       | 1 2 3 |  3.2
Armour         | 2 3 4 |  4.0
Staves         | 1 2 |  2.4
Shields        | 4 5 |  5.0
Earth Magic    | 6 7 |  7.1
Evocations     | 6 |  6.2
Ice Magic      | 4 6 |  6.9
Air Magic      | 5 |  5.2
Unarmed Combat | |  0.1

Action                   |  1- 3 |  4- 6 |  7- 9 | 10-12 | 13-15 || total
-------------------------+-------+-------+-------+-------+-------++-------
Melee: Unarmed           |     1 |     4 |     5 |       |       ||    10
       Quarterstaff      |       |       |    16 |     5 |       ||    21
       Staff             |       |       |     3 |     2 |     2 ||     7
       Kick              |       |       |       |     2 |       ||     2
 Cast: Flame Tongue      |    81 |   131 |   264 |   263 |   191 ||   930
       Conjure Flame     |       |     1 |     3 |    10 |     6 ||    20
       Inner Flame       |       |     1 |     2 |    12 |    13 ||    28
       Sticky Flame      |       |       |    32 |    44 |   104 ||   180
       Fireball          |       |       |     6 |    72 |   218 ||   296
       Bolt of Cold      |       |       |       |     7 |   143 ||   150
       Bolt of Magma     |       |       |       |       |    57 ||    57
       Freezing Cloud    |       |       |       |       |    16 ||    16
Evoke: Wand              |       |       |       |       |     1 ||     1
  Use: Scroll            |     3 |     2 |     5 |    10 |    14 ||    34
       Potion            |       |       |       |     6 |     5 ||    11
 Stab: Sleeping          |       |     1 |     2 |     1 |       ||     4
  Eat: Chunk             |       |     6 |    15 |    22 |    28 ||    71
       Royal jelly       |       |       |       |       |     6 ||     6
       Fruit             |       |       |       |       |     4 ||     4
Armor: Robe              |    10 |    31 |       |    13 |     6 ||    60
       Leather armour    |       |     2 |    66 |    23 |    46 ||   137
Dodge: Dodged            |    33 |    61 |   107 |    65 |   142 ||   408
Block: Buckler           |       |       |       |       |    40 ||    40
